 Dungeon Crawl Stone Soup version 0.22-a0-469-gf26638a (webtiles) character file.

14392 KristoblXynda the Grappler (level 11, -5/104 HPs)
             Began as a Troll Wizard on June 13, 2018.
             Was a Priest of Ashenzari.
             Slain by a cyan ugly thing (17 damage)
             ... on level 12 of the Dungeon.
             The game lasted 00:33:46 (10039 turns).

KristoblXynda the Grappler (Troll Wizard)          Turns: 10039, Time: 00:33:48

Health: -5/104     AC:  6    Str: 17      XL:     11   Next: 88%
Magic:  13/13      EV: 10    Int: 17      God:    Ashenzari [***...]
Gold:   814        SH:  0    Dex:  7 (8)  Spells: 7/14 levels left

rFire    . . .     SeeInvis +     - Unarmed
rCold    . . .     Gourm    +   (no shield)
rNeg     . . .     Faith    .   a - +0 robe
rPois    .         Spirit   .   b - +0 hat
rElec    .         Reflect  .   n - +0 cloak
rCorr    .         Harm     .   (gloves unavailable)
MR       .....                  (boots unavailable)
Stlth    ++........             (no amulet)
HPRegen  0.67/turn              v - +2 ring of slaying (curse)
MPRegen  0.13/turn              B - ring of stealth

@: about to teleport, berserk cooldown, slowed, very slow
A: large, unfitting armour, claws 3, fast metabolism 3, gourmand, regeneration
1, shaggy fur 1, tough skin 2
a: Curse Item, Scrying, Renounce Religion


You were on level 12 of the Dungeon.
You worshipped Ashenzari.
Ashenzari was most pleased with you.
You were completely stuffed.

You visited 2 branches of the dungeon, and saw 13 of its levels.

You collected 814 gold pieces.

Inventory:

Hand Weapons
 r - a +2 whip of flaming
Armour
 a - a +0 robe (worn)
 b - a +0 hat (worn)
 c - a +0 shield
 n - a +0 cloak (worn)
Jewellery
 v - a cursed +2 ring of slaying (left claw)
 B - a ring of stealth (right claw)
Wands
 C - a wand of flame (11)
Scrolls
 e - 3 scrolls of teleportation
 h - 5 scrolls of remove curse
 j - a scroll of random uselessness {unknown}
 p - 2 scrolls of immolation
 q - 3 scrolls of blinking
 u - a scroll of enchant armour {unknown}
 y - a scroll of enchant weapon {unknown}
 z - a scroll of fear {unknown}
 A - a scroll of magic mapping
Potions
 f - a potion of heal wounds
 g - 5 potions of resistance
 i - 12 potions of curing
 k - 2 potions of agility
 l - 2 potions of invisibility
 m - a potion of lignification
 o - a potion of haste {unknown}
 s - a potion of cancellation {unknown}
 t - a potion of berserk rage
 w - a potion of might {unknown}
 x - 3 potions of mutation
 D - a potion of flight {unknown}
 E - a potion of magic {unknown}
 G - a potion of degeneration {unknown}
Comestibles
 d - 12 rations
 F - 5 chunks of flesh


   Skills:
 - Level 5.6 Fighting
 + Level 1.9 Dodging
 - Level 1.0 Stealth
 + Level 11.6 Unarmed Combat
 - Level 2.0 Spellcasting
 + Level 10.3 Conjurations
   Level 0.6 Summonings
   Level 0.6 Translocations
 + Level 2.3 Evocations


You had 7 spell levels left.
You knew the following spells:

 Your Spells              Type           Power        Failure   Level  Hunger
a - Magic Dart            Conj           ####         1%          1    #......
b - Mephitic Cloud        Conj/Pois/Air  ##......     14%         3    ###....
c - Conjure Flame         Conj/Fire      ###.....     7%          3    ###....

Your spell library contained the following spells:

 Spells                   Type           Power        Failure   Level  Hunger
 Apportation              Tloc           #.....       16%         1    #......
 Slow                     Hex            #.......     28%         2    ###....
 Summon Small Mammal      Summ           #...         16%         1    #......
 Blink                    Tloc           N/A          22%         2    ###....
 Animate Skeleton         Necr           N/A          19%         1    #......
 Call Imp                 Summ           #.......     22%         2    ###....
 Confusing Touch          Hex            #.....       19%         1    #......


Dungeon Overview and Level Annotations

Branches:
Dungeon (12/15)            Temple (1/1) D:6            Lair (0/6) D:10
    Orc (0/2) D:10

Altars:
Ashenzari
Cheibriados
Dithmenos
Elyvilon
Fedhas
Gozag
Hepliaklqana
Kikubaaqudgha
Makhleb
Nemelex Xobeh
Okawaru
Qazlal
Ru
Sif Muna
Trog
Uskayaw
Vehumet
Wu Jian
Xom
Yredelemnul
Zin
The Shining One


Innate Abilities, Weirdness & Mutations

You are too large for most types of armour.
You have claws for hands.
Your metabolism is lightning-fast.
You like to eat raw meat.
Your natural rate of healing is unusually fast.
You are covered in fur. (AC +1)
You have very tough skin. (AC +2)


Message History

The vampire is moderately damaged.
The vampire barely misses you. x2
You mangle the vampire!!
You destroy the vampire!
Unknown command.
You start resting.
A cyan ugly thing comes into view.
The cyan ugly thing moves out of view.
You start resting.
You sense a monster nearby.
You start resting.
The cyan ugly thing is too close now for your liking.
A cyan ugly thing is nearby!
As you read the scroll of teleportation, it crumbles to dust.
You feel strangely unstable.
The cyan ugly thing gurgles horribly!
The cyan ugly thing kicks you!
* * * LOW HITPOINT WARNING * * *
The cyan ugly thing shocks you!
You die...

* #......§§..(#
#.......≈..(#
*,##........#.# ,
#........#)# ,
#........#.#
{##........#<#
{#.........#.#
{#....###u##.#
#....# #@##.#
*,###### #..#.# *
, ###.#)# ,
#.....# , *
#.....#########
#....>........# ,
,* #...##........#
####...##..(.....#
*, ,
#.((.............#


You could see a cyan ugly thing.

Vanquished Creatures
  2 two-headed ogres
  Pikel (D:8)
  An ugly thing (D:11)
  A deep elf mage (D:12)
  3 cyclopes
  A queen bee (D:11)
  A troll (D:12)
  Grinder (D:5)
  2 hippogriffs
  6 slime creatures
  A vampire (D:12)
  Eustachio (D:6)
  A shadow (D:11)
  14 yaks
  3 hungry ghosts
  2 wyverns
  4 vampire mosquitoes (D:12)
  Edmund (D:5)
  A water moccasin (D:9)
  An orc warrior (D:9)
  A slave (D:8)
  3 ice beasts
  4 black bears
  2 necrophages
  4 ogres
  4 phantoms
  5 centaurs
  6 bullfrogs
  14 killer bees (D:11)
  2 troll zombies (D:10)
  5 howler monkeys
  5 crimson imps
  2 bullfrog zombies
  6 orc wizards
  A quasit (D:12)
  2 bullfrog skeletons
  2 centaur skeletons
  Crazy Yiuf (D:5)
  3 hounds
  3 orc priests
  4 iguanas
  10 worker ants
  4 ogre zombies (D:10)
  A hound skeleton (D:6)
  3 worker ant zombies
  8 adders
  7 gnolls
  A shadow imp (D:8)
  An ooze (D:1)
  2 adder skeletons
  5 worms
  9 leopard geckos
  24 orcs
  A ball python (D:2)
  12 bats
  5 giant cockroaches
  6 goblins
  3 hobgoblins
  22 jackals
  A quokka (D:10)
  9 frilled lizards
  A goblin skeleton (D:10)
  2 goblin zombies (D:10)
  A hobgoblin skeleton (D:10)
  3 hobgoblin zombies (D:10)
  7 kobolds
  3 orc skeletons (D:10)
  9 orc zombies (D:10)
  18 rats
305 creatures vanquished.

Vanquished Creatures (others)
  2 rats (D:8)
2 creatures vanquished.

Grand Total: 307 creatures vanquished

Notes
Turn   | Place    | Note
-------+----------+-------------------------------------------
     0 | D:1      | KristoblXynda the Troll Wizard began the quest for the Orb.
     0 | D:1      | Reached XP level 1. HP: 16/16 MP: 2/2
   121 | D:1      | Reached skill level 1 in Conjurations
   126 | D:1      | Reached skill level 1 in Unarmed Combat
   133 | D:1      | Reached XP level 2. HP: 14/24 MP: 4/4
   484 | D:1      | Reached XP level 3. HP: 31/31 MP: 5/5
   703 | D:2      | Learned a level 3 spell: Mephitic Cloud
   724 | D:2      | Reached skill level 2 in Unarmed Combat
   861 | D:2      | Reached XP level 4. HP: 35/39 MP: 6/6
  1132 | D:2      | Reached skill level 3 in Unarmed Combat
  1255 | D:2      | Reached XP level 5. HP: 42/45 MP: 7/7
  1369 | D:3      | Found a faded altar of an unknown god.
  1391 | D:3      | Found a hide-covered altar of Uskayaw.
  1512 | D:3      | Found a white marble altar of Elyvilon.
  1985 | D:4      | Reached skill level 4 in Unarmed Combat
  2044 | D:4      | Reached XP level 6. HP: 53/53 MP: 8/8
  2417 | D:4      | Found a shattered altar of Ashenzari.
  2421 | D:4      | Became a worshipper of Ashenzari the Shackled
  2692 | D:4      | Found a shimmering altar of Xom.
  2950 | D:5      | Entered Level 5 of the Dungeon
  2950 | D:5      | Noticed Edmund
  2985 | D:5      | Killed Edmund
  2985 | D:5      | Reached skill level 5 in Unarmed Combat
  2985 | D:5      | Reached XP level 7. HP: 19/59 MP: 3/9
  3022 | D:5      | Found a runed door.
  3048 | D:5      | Found a shadowy altar of Dithmenos.
  3088 | D:5      | Noticed Grinder
  3112 | D:5      | Paralysed by Grinder for 5 turns
  3118 | D:5      | Paralysed by Grinder for 4 turns
  3123 | D:5      | Killed Grinder
  3158 | D:5      | Noticed Crazy Yiuf
  3170 | D:5      | Killed Crazy Yiuf
  3400 | D:5      | Reached skill level 6 in Unarmed Combat
  3499 | D:5      | Found an iron altar of Okawaru.
  3653 | D:6      | Reached XP level 8. HP: 64/67 MP: 10/10
  3696 | D:6      | Noticed Eustachio
  3705 | D:6      | Reached skill level 5 in Conjurations
  3711 | D:6      | Killed Eustachio
  3764 | D:6      | Reached skill level 7 in Unarmed Combat
  4230 | D:6      | Found a staircase to the Ecumenical Temple.
  4254 | D:6      | Reached skill level 8 in Unarmed Combat
  4300 | D:6      | Found a blossoming altar of Fedhas.
  4303 | D:6      | Found a deep blue altar of Sif Muna.
  4375 | Temple   | Entered the Ecumenical Temple
  4414 | Temple   | Reached * piety under Ashenzari
  4645 | D:7      | Reached XP level 9. HP: 66/73 MP: 11/11
  5464 | D:8      | Noticed a moth of wrath
  5464 | D:8      | Noticed Pikel
  5486 | D:8      | Killed Pikel
  5486 | D:8      | Reached skill level 9 in Unarmed Combat
  5496 | D:8      | Found a bloodstained altar of Trog.
  5660 | D:8      | Found an opulent altar of Gozag.
  5818 | D:9      | Found an ornate altar of the Wu Jian Council.
  5978 | D:9      | Reached skill level 1 in Fighting
  6014 | D:9      | Found a hazy altar of Hepliaklqana.
  6261 | D:9      | Found a stormy altar of Qazlal.
  6332 | D:9      | Reached XP level 10. HP: 69/86 MP: 12/12
  6429 | D:9      | Reached ** piety under Ashenzari
  6586 | D:10     | Entered Level 10 of the Dungeon
  6812 | D:10     | Reached skill level 10 in Unarmed Combat
  7245 | D:10     | Found a staircase to the Orcish Mines.
  7457 | D:10     | Learned a level 3 spell: Conjure Flame
  7696 | D:10     | Found a staircase to the Lair.
  8093 | D:11     | Noticed a cyclops
  8108 | D:11     | Killed a cyclops
  8523 | D:11     | Reached XP level 11. HP: 71/100 MP: 7/13
  8891 | D:11     | Noticed a purple ugly thing
  9041 | D:11     | Noticed a two-headed ogre
  9048 | D:11     | Killed a two-headed ogre
  9048 | D:11     | Reached skill level 11 in Unarmed Combat
  9181 | D:11     | Killed a purple ugly thing
  9450 | D:11     | Reached skill level 10 in Conjurations
  9453 | D:11     | Reached skill level 5 in Fighting
  9494 | D:11     | Reached skill level 1 in Evocations
  9535 | D:11     | Reached *** piety under Ashenzari
  9761 | D:12     | Noticed a deep elf mage
  9773 | D:12     | Killed a deep elf mage
  9820 | D:12     | Noticed a two-headed ogre
  9870 | D:12     | Killed a two-headed ogre
 10030 | D:12     | Noticed a cyan ugly thing
 10039 | D:12     | Slain by a cyan ugly thing

Vault maps used:
D:1:      erik_arrival_blinker_ship
D:3:      elyvilon_altar_1, lemuel_crystal_altar,
          chequers_ecumenical_altar_simple
D:4:      marbit_many_paths, brannock_xom_greatest_gift
D:5:      lemuel_doored_altar, okawaru_ov_weapons_minmay, first_ration,
          uniq_edmund, uniq_crazy_yiuf_cottage, uniq_grinder
D:6:      nicolae_overflow_hidden_temple, temple_doors_e, uniq_eustachio
D:8:      grunt_gozag_statues, tgw_trog, uniq_pikel
D:9:      kennysheep_little_box, kennysheep_mini_moat, overflow_temple_1_default
D:10:     lair_entry_dummy, zombieorc1_lemuel
D:11:     david_nohive_1
D:12:     david_defended_altar_orc
Temple:   nicolae_temple_figure_zero

Skill      XL: |  1  2  3  4  5  6  7  8  9 10 11 |
---------------+----------------------------------+-----
Conjurations   | 1 2 3 4 6 7 9 10 | 10.3
Unarmed Combat | 1 2 3 4 5 6 8 9 10 11 | 11.6
Fighting       | 1 4 5 |  5.6
Evocations     | 2 |  2.3
Dodging        | |  1.9
Stealth        | |  1.0
Spellcasting   | |  2.0
Summonings     | |  0.6
Translocations | |  0.6

Action                   |  1- 3 |  4- 6 |  7- 9 | 10-12 || total
-------------------------+-------+-------+-------+-------++-------
Melee: Unarmed           |   145 |   267 |   316 |   401 ||  1129
       Punch             |       |     1 |     9 |    13 ||    23
 Cast: Mephitic Cloud    |       |     1 |     7 |    15 ||    23
       Magic Dart        |       |       |       |     6 ||     6
       Conjure Flame     |       |       |       |     6 ||     6
Invok: Curse Item        |       |       |       |     1 ||     1
  Use: Scroll            |       |     3 |     4 |     8 ||    15
       Potion            |       |       |     1 |     2 ||     3
 Stab: Confused          |       |     2 |     3 |     4 ||     9
       Petrified         |       |       |     3 |       ||     3
       Sleeping          |       |       |     3 |     1 ||     4
       Distracted        |       |       |     1 |     1 ||     2
  Eat: Chunk             |    13 |    18 |    37 |    36 ||   104
       Ration            |       |       |     2 |     4 ||     6
Armor: Robe              |    94 |    94 |    88 |    84 ||   360
Dodge: Dodged            |    75 |   145 |   113 |   161 ||   494

Table legend:
 A = Spawn XP
 B = Non-spawn XP
 C = Spawn XP percentage of total XP
 D = Spawn monster count
 E = Non-spawn monster count
 F = Spawn count percentage of total count
 G = Total turns spent on level
                    A         B        C        D         E        F      G
               +---------+---------+-------+---------+---------+-------+---------
         Total |       0 |   20561 |   0.0 |       0 |     304 |   0.0 | 10039
               +---------+---------+-------+---------+---------+-------+---------
           D:1 |       0 |      51 |   0.0 |       0 |      28 |   0.0 |   698
           D:2 |       0 |     153 |   0.0 |       0 |      36 |   0.0 |   652
           D:3 |       0 |      63 |   0.0 |       0 |      29 |   0.0 |   536
           D:4 |       0 |     261 |   0.0 |       0 |      18 |   0.0 |  1078
           D:5 |       0 |     768 |   0.0 |       0 |      15 |   0.0 |   668
           D:6 |       0 |    1283 |   0.0 |       0 |      23 |   0.0 |   768
           D:7 |       0 |     597 |   0.0 |       0 |       7 |   0.0 |   590
           D:8 |       0 |    1285 |   0.0 |       0 |      16 |   0.0 |   698
           D:9 |       0 |    1483 |   0.0 |       0 |      23 |   0.0 |   867
          D:10 |       0 |    3577 |   0.0 |       0 |      51 |   0.0 |  1403
          D:11 |       0 |    7666 |   0.0 |       0 |      42 |   0.0 |  1633
          D:12 |       0 |    3374 |   0.0 |       0 |      16 |   0.0 |   331
               +---------+---------+-------+---------+---------+-------+---------
